 Dungeon Crawl Stone Soup version 0.31.0-4-g52a2dc7128 (webtiles) character file.

Game seed: 16060504476413285706

67 SnakkuSnakku7 the Trooper (level 4, -3/35 HPs)
             Began as a Merfolk Earth Elementalist on Jan 22, 2024.
             Killed from afar by Ijyb (19 damage)
             ... with a bolt of dispelling energy
             ... on level 3 of the Dungeon.
             The game lasted 00:02:39 (1974 turns).

SnakkuSnakku7 the Trooper (MfEE)                    Turns: 1974, Time: 00:02:40

Health: -3/35      AC:  6    Str:  7    XL:     4   Next: 16%
Magic:  6/6        EV: 10    Int: 13    God:
Gold:   113        SH:  0    Dex: 20    Spells: 6/7 levels left

rFire   . . .        i - +0 short sword
rCold   . . .        (no shield)
rNeg    . . .        j - +0 ring mail
rPois   .            (no helmet)
rElec   .            r - +0 cloak
rCorr   .            (no gloves)
SInv    .            (no boots)
Will    .....        (no amulet)
Stlth   ++           (no ring)
HPRegen 0.25/turn    (no ring)
MPRegen 0.10/turn

%: no passive effects
@: hasted (expiring), very quick
A: (nimble swimmer 2), mertail, agile 1, low MP 1
a: no special abilities


You were on level 3 of the Dungeon.
You visited 1 branch of the dungeon, and saw 3 of its levels.

You collected 113 gold pieces.

Inventory:

Hand Weapons
 f - a +0 dagger
 i - a +0 short sword (weapon)
Armour
 a - a +0 robe
 j - a +0 ring mail (worn)
 r - a +0 cloak (worn)
Scrolls
 g - 2 scrolls of butterflies {unknown}
 l - a scroll of immolation {unknown}
 o - a scroll of teleportation {unknown}
 t - a scroll of amnesia {unknown}
 u - a scroll of identify {unknown}
Potions
 b - a potion of magic
 d - a potion of berserk rage {unknown}
 e - a potion of degeneration {unknown}
 k - a potion of mutation
 m - a potion of enlightenment {unknown}
 n - a potion of heal wounds {unknown}
 p - a potion of resistance {unknown}
 s - a potion of brilliance {unknown}


   Skills:
 - Level 3.4 Fighting
 + Level 1.5 Throwing
 - Level 2.6 Dodging
 - Level 2.1 Stealth
 - Level 2.0 Spellcasting
 - Level 0.7 Conjurations
 - Level 2.4 Earth Magic


You had 6 spell levels left.
You knew the following spells:

 Your Spells              Type           Power      Damage    Failure   Level
a - Sandblast             Erth           14%        2d6       34%         1

Your spell library contained the following spells:

 Spells                   Type           Power      Damage    Failure   Level
 Summon Small Mammal      Summ           4%         N/A       65%         1
 Passwall                 Erth           7%         N/A       71%         3
 Stone Arrow              Conj/Erth      10%        3d7       82%         3
 Call Canine Familiar     Summ           1%         N/A       95%         3
 Brom's Barrelling Bould  Conj/Erth      5%         2d3       99%         4
 Petrify                  Alch/Erth      4%         N/A       99%         4
 Summon Blazeheart Golem  Fire/Summ      1%         N/A       100%        4


Dungeon Overview and Level Annotations

Branches:
Dungeon (3/15)

Altars:

Annotations:
D:3 Ijyb


Innate Abilities, Weirdness & Mutations

((You are very nimble when in or above water. (Stealth+, EV+, Speed+++)))
Your lower body shifts to a powerful aquatic tail in water.
You are agile. (Dex +4, Str/Int -1)
Your magical capacity is low. (-10% MP)


Message History

Aim: Ijyb, wielding a +0 dagger, wearing a +2 leather armour of cold resistance and carrying a wand of quicksilver (50% to hit)
You throw a poisoned dart. The poisoned dart hits Ijyb.
Ijyb is poisoned.
Ijyb hits you with a +0 dagger.
Throw: 2 darts (poison)
Press: ? - help, Q - select action, (/) - cycle Shift-Dir - straight line, f/p - Ijyb
Aim: Ijyb, wielding a +0 dagger, wearing a +2 leather armour of cold resistance and carrying a wand of quicksilver (lightly wounded, poisoned, 50% to hit)
You throw a poisoned dart. The poisoned dart closely misses Ijyb.
Ijyb closely misses you.
Throw: dart (poison)
Press: ? - help, Q - select action, (/) - cycle Shift-Dir - straight line, f/p - Ijyb
Aim: Ijyb, wielding a +0 dagger, wearing a +2 leather armour of cold resistance and carrying a wand of quicksilver (lightly wounded, poisoned, 50% to hit)
You throw a poisoned dart. The poisoned dart hits Ijyb.
Ijyb looks even sicker.
Ijyb is lightly wounded.
Ijyb hits you but does no damage.
It was a potion of mutation.
You feel extremely strange.
You feel less energetic.
You feel agile.
Ijyb screams, "Me very upset!"
Ijyb zaps a wand.
The bolt of dispelling energy hits you!
* * * LOW HITPOINT WARNING * * *
It was a potion of curing.
You feel better. Ijyb hits you with a +0 dagger.
You barely miss Ijyb.
Ijyb is moderately wounded.
Ijyb hits you with a +0 dagger.
You closely miss Ijyb.
Ijyb is moderately wounded.
Ijyb hits you but does no damage.
You hit Ijyb but do no damage.
Ijyb is moderately wounded.
Ijyb zaps a wand.
The bolt of dispelling energy hits you.
* * * LOW HITPOINT WARNING * * *
You feel better. Ijyb hits you with a +0 dagger.
It was a potion of haste.
You feel yourself speed up. Ijyb barely misses you.
You see here an adder corpse.
Ijyb looks more healthy.
There is a stone staircase leading down here.
Ijyb zaps a wand.
The bolt of dispelling energy hits you!!
Your magical effects are unravelling.
Ouch! That really hurt!
You die...

####### ####.....#
#.....##.## #.###.~#..#
################.# #.~##.##
............g..†@# #~~~#..#
####.#(#########.####~~##.##
# #(. ..# #......##~~#..#
#####.# #.......#~~##.###
#.# #.......##~##.†.#
#.###........#~####~#
#.........####~~# #~#
#.......#.# #~~# #~## #..
#.#####.#.####~~# #~~#


You could see Ijyb.

Vanquished Creatures
  An adder (D:3)
  A dart slug (D:3)
  A ribbon worm (D:2)
  6 endoplasms
  A giant cockroach (D:1)
  7 goblins
  4 hobgoblins
  4 quokkas
  3 ball pythons
  3 bats
  6 frilled lizards
  3 kobolds (D:1)
  12 rats
52 creatures vanquished.

Notes
Turn   | Place    | Note
-------+----------+-------------------------------------------
     0 | D:1      | SnakkuSnakku7 the Merfolk Earth Elementalist began the
                  | quest for the Orb.
     0 | D:1      | Reached XP level 1. HP: 13/13 MP: 3/3
    99 | D:1      | Reached skill level 1 in Fighting
   146 | D:1      | Reached XP level 2. HP: 22/22 MP: 3/5
   150 | D:1      | Reached skill level 2 in Fighting
   360 | D:1      | Reached XP level 3. HP: 19/28 MP: 6/6
   432 | D:1      | Reached skill level 3 in Fighting
  1769 | D:3      | Reached skill level 1 in Throwing
  1775 | D:3      | Reached XP level 4. HP: 19/35 MP: 7/7
  1951 | D:3      | Noticed Ijyb
  1956 | D:3      | Gained mutation: Your magical capacity is low. (-10% MP)
                  | [potion of mutation]
  1956 | D:3      | Gained mutation: You are agile. (Dex +4, Str/Int -1)
                  | [potion of mutation]
  1974 | D:3      | Killed from afar by Ijyb

Illustrated notes

Levels and vault maps discovered:
D:1:      lemuel_arrival_cross, layout_basic
D:2:      layout_loops_corners
D:3:      layout_basic, serial_rivers, chequers_serial_rivers_large_b,
          chequers_serial_rivers_marsh, chequers_serial_rivers_marsh,
          chequers_serial_rivers_small_3, uniq_ijyb

Skill      XL: |  1  2  3 |
---------------+----------+-----
Fighting       | 1 2 3 |  3.4
Throwing       | 1 |  1.5
Dodging        | |  2.6
Stealth        | |  2.1
Spellcasting   | |  2.0
Conjurations   | |  0.7
Earth Magic    | |  2.4

Action                     |  1- 3 |  4- 6 || total
---------------------------+-------+-------++-------
  Melee: Dagger            |    64 |       ||    64
         Punch             |     2 |       ||     2
         Short sword       |   109 |    15 ||   124
  Throw: Dart              |       |     4 ||     4
   Cast: Sandblast         |    16 |       ||    16
    Use: Potion            |       |     4 ||     4
   Stab: Sleeping          |     1 |       ||     1
 Armour: Robe              |    44 |       ||    44
         Ring mail         |    54 |    15 ||    69
  Dodge: Dodged            |   110 |     9 ||   119
